 Dungeon Crawl Stone Soup version 0.31-a0-667-g39726597b9 (webtiles) character file.

Game seed: 6865671932008215305

4 GordonOverkill the Sneak (level 1, 0/14 HPs)
             Began as a Tengu Delver on Sept 4, 2023.
             Succumbed to an orc wizard's poison
             ... on level 6 of the Dungeon.
             The game lasted 00:00:28 (43 turns).

GordonOverkill the Sneak (Tengu Delver)               Turns: 43, Time: 00:00:28

Health: 0/14       AC:  4    Str: 12    XL:     1   Next: 60%
Magic:  2/2        EV: 27    Int: 10    God:
Gold:   0          SH:  0    Dex: 15    Spells: 0/0 levels left

rFire   . . .        a - +0 spear
rCold   . . .        (no shield)
rNeg    . . .        b - +0 leather armour
rPois   .            (helmet restricted)
rElec   .            h - +0 cloak
rCorr   .            (no gloves)
SInv    .            (boots unavailable)
Will    .....        (no amulet)
Stlth   +            (no ring)
HPRegen 0.22/turn    (no ring)
MPRegen 0.08/turn

%: acrobat
@: confused, lethally poisoned (0 -> -8), acrobatic, hasted, very quick
A: beak, talons 3, acrobatic
a: no special abilities


You were on level 6 of the Dungeon.
You visited 1 branch of the dungeon, and saw 2 of its levels.

Inventory:

Hand Weapons
 a - a +0 spear (weapon)
Armour
 b - a +0 leather armour (worn)
 h - a +0 cloak (worn)
Wands
 g - a wand of digging (3)
 i - a wand of light (6)
Scrolls
 c - a scroll of fog
 d - a scroll of revelation
 e - a scroll of fear


   Skills:
 - Level 3.0 Fighting
 - Level 2.1 Polearms
 - Level 2.1 Dodging
 - Level 5.0 Stealth
 + Level 1.1 Evocations


You couldn't memorise any spells.
You didn't know any spells.
Your spell library was empty.

Dungeon Overview and Level Annotations

Branches:
Dungeon (6/15)
 Temple: D:4-7

Altars:


Innate Abilities, Weirdness & Mutations

You have a beak for a mouth.
You have claws for feet.
You can magically evade attacks while moving or waiting.


Message History

The orc hits you with a +0 club.
You hit the orc.
You kill the orc!
No target in view!
No target in view!
You start resting.
HP restored.
An orc comes into view. It is wielding a +0 club.
Found a scroll labelled WIKANWOFULO.
Things that are here:
a +0 club; a +0 leather armour; an orc corpse The orc shouts!
You hear a shout! x2
You hit the orc.
The orc is severely wounded.
An orc wizard comes into view. It is wielding a +4 dagger of venom.
The orc closely misses you.
You hit the orc.
You kill the orc!
An orc comes into view. It is wielding a +0 hand axe.
Your Evocations skill increases to level 1!
You reach to attack!
You hit the orc wizard.
The orc wizard is lightly wounded.
You closely miss the orc wizard. Your peck misses the orc wizard.
The orc wizard is lightly wounded.
The orc wizard casts a spell at you.
You are confused.
Unknown command.
You barely miss the orc. Your kick misses the orc.
The orc wizard hits you with a +4 dagger of venom.
* * * LOW HITPOINT WARNING * * *
You are lethally poisoned!
The orc hits you with a +0 hand axe.
* * * LOW HITPOINT WARNING * * *
You feel yourself speed up.
* * * LOW HITPOINT WARNING * * *
You feel very sick. The orc wizard misses you.
The orc hits you but does no damage.
* * * LOW HITPOINT WARNING * * *
You feel sick.
You die...

#. #... #?.. #..
#### #.. ... ###.#
#.# ##...#######.#
##.>..@.<.....#
###
####...$.#######.#
####... .........#
#.###....#
####...oo#
#........# ##...##
####...#.# ##...
.......#<# ####
######...# #####


You could see an orc wizard and an orc.

Vanquished Creatures
  2 orcs (D:6)
2 creatures vanquished.

Notes
Turn   | Place    | Note
-------+----------+-------------------------------------------
     0 | D:5      | GordonOverkill the Tengu Delver began the quest for the
                  | Orb.
     0 | D:5      | Reached XP level 1. HP: 14/14 MP: 2/2
    36 | D:6      | Noticed an orc wizard
    38 | D:6      | Reached skill level 1 in Evocations
    43 | D:6      | Succumbed to an orc wizard's poison

Illustrated notes

Levels and vault maps discovered:
D:5:      layout_gridville, nicolae_overflow_hidden_temple, lemuel_tele_altar,
          uniq_prince_ribbit1
D:6:      layout_loops_ring

Skill      XL: |  1 |
---------------+----+-----
Evocations     | 1 |  1.1
Fighting       | |  3.0
Polearms       | |  2.1
Dodging        | |  2.1
Stealth        | |  5.0

Action                     || total
---------------------------++-------
  Melee: Spear             ||     8
         Kick              ||     1
    Use: Potion            ||     1
   Stab: Sleeping          ||     1
 Armour: Leather armour    ||     4
  Dodge: Dodged            ||     2

Table legend: (Time is in decaauts)
 A = Elapsed time spent in this place.
 B = Non-inter-level travel time spent in this place.
 C = Inter-level travel time spent in this place.
 D = Time resting spent in this place.
 E = Time spent auto-exploring this place.
 F = Levels seen in this place.
 G = Mean time per level.
                   A        B        C        D        E       F      G
               +--------+--------+--------+--------+--------+-----+--------+
         Total |     42 |     42 |      0 |      8 |      0 |   2 |   21.0 |
       Dungeon |     42 |     42 |      0 |      8 |      0 |   2 |   21.0 |
               +--------+--------+--------+--------+--------+-----+--------+

Top non-repeatable levels by time:
     D:6: 41 daAuts
     D:5: 1 daAuts
